 Dungeon Crawl Stone Soup version 0.28.0-53-g5a82cb258f (webtiles) character file.

Game seed: 16978854259088051411

347 protoss039 the Digger (level 6, -6/47 HPs)
             Began as a Demonspawn Earth Elementalist on June 16, 2022.
             Mangled by an iguana (12 damage)
             ... on level 4 of the Dungeon.
             The game lasted 00:04:19 (3571 turns).

protoss039 the Digger (DsEE)                        Turns: 3571, Time: 00:04:19

Health: -6/47      AC:  5    Str:  8    XL:     6   Next: 32%
Magic:  1/10       EV: 11    Int: 21    God:
Gold:   129        SH:  0    Dex: 13    Spells: 4/10 levels left

rFire   . . .      SeeInvis .   d - +0 spear (venom)
rCold   . . .      Faith    .   (no shield)
rNeg    . . .      Spirit   .   k - +0 leather armour
rPois   .          Reflect  .   m - +1 helmet
rElec   .          Harm     .   (no cloak)
rCorr   .          Rampage  .   (no gloves)
Will    .....                   (no boots)
Stlth   ++........              (no amulet)
HPRegen 0.15/turn               i - ring of flight
MPRegen 0.12/turn               (no ring)

@: flying, very slightly contaminated
A: hooves 2, big brain 1
a: no special abilities


You were on level 4 of the Dungeon.
You visited 1 branch of the dungeon, and saw 4 of its levels.

You collected 129 gold pieces.

Inventory:

Hand Weapons
 d - a +0 spear of venom (weapon)
Missiles
 c - 98 stones
 h - a throwing net
Armour
 k - a +0 leather armour (worn)
 m - a +1 helmet (worn)
Magical Staves
 l - a staff of air
 u - a staff of poison
 x - a staff of fire
Jewellery
 i - a ring of flight (left hand)
Scrolls
 a - 2 scrolls of silence {unknown}
 e - 2 scrolls of teleportation {unknown}
 f - a scroll of fear {unknown}
 g - a scroll of immolation {unknown}
 j - a scroll of noise {unknown}
 n - a scroll of amnesia {unknown}
 o - a scroll of enchant armour {unknown}
 p - a scroll of enchant weapon {unknown}
 q - 3 scrolls of identify {unknown}
 t - a scroll of acquirement {unknown}
Potions
 v - a potion of brilliance {unknown}
 w - a potion of degeneration {unknown}


   Skills:
 * Level 3.4 Fighting
 + Level 2.1 Armour
 - Level 1.7 Dodging
 - Level 1.7 Stealth
 + Level 2.9 Spellcasting
 * Level 2.6 Conjurations
 - Level 1.0 Transmutations
 + Level 3.5 Earth Magic


You had 4 spell levels left.
You knew the following spells:

 Your Spells              Type           Power      Damage    Failure   Level
a - Sandblast             Erth           36%        2d10      4%          1
b - Passwall              Tmut/Erth      10%        N/A       11%         2
c - Stone Arrow           Conj/Erth      32%        3d9       16%         3

Your spell library contained the following spells:

 Spells                   Type           Power      Damage    Failure   Level
 Petrify                  Tmut/Erth      12%        N/A       58%         4


Dungeon Overview and Level Annotations

Branches:
Dungeon (4/15)
 Temple: D:4-7

Altars:


Innate Abilities, Weirdness & Mutations

You have hoof-like feet.
You have an unusually large brain. (Int +2)


Message History

Unknown command.
Unknown command.
Casting: Sandblast (safe; 4% risk of failure)
Confirm with . or Enter, or press ? or * to list all spells.
Aiming: Sandblast (safe; 4% risk of failure)
Press: ? - help, Shift-Dir - straight line, f - iguana
Aim: an iguana (82% to hit)
Okay, then.
Casting: Sandblast (safe; 4% risk of failure)
Confirm with . or Enter, or press ? or * to list all spells.
Aiming: Stone Arrow (dangerous; 16% risk of failure)
Press: ? - help, Shift-Dir - straight line, f - iguana
Aim: an iguana (72% to hit)
The stone arrow hits the iguana!
The iguana is almost dead.
The iguana bites you. The iguana bites you!
* * * LOW HITPOINT WARNING * * *
Casting: Stone Arrow (dangerous; 16% risk of failure)
Confirm with . or Enter, or press ? or * to list all spells.
Aiming: Stone Arrow (dangerous; 16% risk of failure)
Press: ? - help, Shift-Dir - straight line, f/p - iguana
Aim: an iguana (almost dead, 72% to hit)
The stone arrow misses the iguana.
The iguana barely misses you. The iguana closely misses you.
Casting: Stone Arrow (dangerous; 16% risk of failure)
Confirm with . or Enter, or press ? or * to list all spells.
Aiming: Stone Arrow (dangerous; 16% risk of failure)
Press: ? - help, Shift-Dir - straight line, f/p - iguana
Aim: an iguana (almost dead, 72% to hit)
You miscast Stone Arrow.
You are very lightly contaminated with residual magic.
Nothing appears to happen.
The iguana bites you.
* * * LOW HITPOINT WARNING * * *
The iguana barely misses you.
Unknown command.
Unknown command.
It was a potion of flight.
You feel more buoyant. The iguana bites you!
You die...

#.#.#.###.#......#
#...........##.#.########.
###....................!...
#...>.................sl#.#
#.#......######.#.#####....
#.#.......# #...........#(.
#........####.#.......#....
###.#.#...............#.#..
.....#..)@l.).............
.#####...#l###.......#### .
. #.#...# #..####... .
+.#.).# #..# ###.
####.####..# #....#..#
#.##....# #.##.#..#
##.......#


You could see 2 iguanas.

Vanquished Creatures
  An ogre (D:4)
  2 scorpions (D:3)
  An orc priest (D:3)
  An iguana (D:3)
  3 adders
  An adder skeleton (D:4)
  2 dart slugs
  3 orcs
  7 endoplasms
  A giant cockroach (D:3)
  8 goblins
  2 hobgoblins
  3 quokkas
  9 ball pythons
  3 bats
  A frilled lizard (D:3)
  3 kobolds
  7 rats
58 creatures vanquished.

Notes
Turn   | Place    | Note
-------+----------+-------------------------------------------
     0 | D:1      | protoss039 the Demonspawn Earth Elementalist began the
                  | quest for the Orb.
     0 | D:1      | Reached XP level 1. HP: 13/13 MP: 3/3
   122 | D:1      | Reached skill level 1 in Transmutations
   606 | D:1      | Gained mutation: You have large cloven feet. [demonic
                  | ancestry]
   606 | D:1      | Reached XP level 2. HP: 19/20 MP: 5/5
   654 | D:1      | Reached skill level 1 in Fighting
  1161 | D:1      | Learned a level 2 spell: Passwall
  1461 | D:2      | Reached skill level 1 in Armour
  1461 | D:2      | Gained mutation: You have an unusually large brain. (Int
                  | +2) [demonic ancestry]
  1461 | D:2      | Reached XP level 3. HP: 22/26 MP: 6/6
  1845 | D:2      | Learned a level 3 spell: Stone Arrow
  1894 | D:3      | Found a faded altar of an unknown god.
  2273 | D:3      | Reached skill level 1 in Conjurations
  2273 | D:3      | Reached XP level 4. HP: 33/33 MP: 7/7
  2653 | D:3      | Gained mutation: You have hoof-like feet. [demonic
                  | ancestry]
  2653 | D:3      | Reached XP level 5. HP: 24/39 MP: 5/8
  2818 | D:4      | Noticed an ogre
  2821 | D:4      | Killed an ogre
  2949 | D:3      | Reached XP level 6. HP: 8/47 MP: 5/10
  3259 | D:3      | HP: 2/47 [poisoned by a scorpion]
  3571 | D:4      | Mangled by an iguana

Illustrated notes

Levels and vault maps discovered:
D:1:      dpeg_arrival_snail, layout_loops_ring, serial_park_tiny_pond,
          minmay_misc_feat_pillars
D:2:      layout_rooms
D:3:      layout_rooms, hellmonk_ecumenical_altar_pennies_from_heaven
D:4:      layout_basic, mainiacjoe_overflow_alcove_1, minmay_temple_entry_glass,
          serial_shops, nicolae_shop_window_shopping, st_stairs_4,
          minmay_ogre_servants

Skill      XL: |  1  2  3  4  5  6 |
---------------+-------------------+-----
Transmutations | 1 |  1.0
Fighting       | 1 2 3 |  3.4
Armour         | 1 2 |  2.1
Earth Magic    | 3 |  3.5
Conjurations   | 1 2 |  2.6
Dodging        | |  1.7
Stealth        | |  1.7
Spellcasting   | |  2.9

Action                   |  1- 3 |  4- 6 || total
-------------------------+-------+-------++-------
Melee: Spear             |   104 |    33 ||   137
       Punch             |     1 |       ||     1
       Kick              |    19 |     4 ||    23
 Cast: Sandblast         |     1 |    13 ||    14
       Stone Arrow       |       |     5 ||     5
  Use: Potion            |       |     3 ||     3
 Stab: Sleeping          |     7 |       ||     7
Armor: Robe              |     2 |       ||     2
       Leather armour    |    19 |    17 ||    36
       Skin              |       |     7 ||     7
Dodge: Dodged            |    46 |    40 ||    86
